 Dungeon Crawl Stone Soup version 0.31-a0-765-g67fe2935dc (webtiles) character file.

Game seed: 289072379342733198

110765 cforsyth the Warrior (level 17, -4/125 HPs)
             Began as a Djinni Delver on Sept 15, 2023.
             Was the Champion of Hepliaklqana.
             Slain by a demonic crawler (6 damage)
             ... on level 1 of the Spider Nest on Sept 16, 2023.
             The game lasted 01:21:46 (28977 turns).

cforsyth the Warrior (Djinni Delver)               Turns: 28977, Time: 01:21:46

Health: -4/125     AC:  6    Str: 11    XL:     17   Next: 10%
Gold:   1553       EV: 16    Int: 23    God:    Hepliaklqana [******] SH:  0 Dex: 16

rFire   + + .        Q - +0 demon whip (venom)
rCold   + . .        X - +1 kite shield {rC+}
rNeg    + . .        J - +0 troll leather armour
rPois   ∞            (no helmet)
rElec   .            F - +0 cloak
rCorr   .            s - +1 pair of gloves of Impatience {rPois rN+ Int+4}
SInv    .            (boots unavailable)
Will    +....        K - amulet "Tydwawn" {Regen+ Slay+2}
Stlth   +            j - ring of protection from cold
HPRegen 2.00/turn    (no ring)
MPRegen 0.00/turn

%: infuse magic (-5 HP)
@: confused, about to teleport, flying
A: reduced essence, sickness immunity, fire resistance 2, cold vulnerability 1,
float, innate caster, HP casting, extra vitality 1
a: Renounce Religion, Recall Ancestor, Ancestor Identity, Transference, Idealise


You were on level 1 of the Spider Nest.
You worshipped Hepliaklqana.
Hepliaklqana was exalted by your worship.
You visited 5 branches of the dungeon, and saw 24 of its levels.
You also visited: Ossuary and Ice Cave.

You collected 2046 gold pieces.
You spent 493 gold pieces at shops.

Inventory:

Hand Weapons
 a - a +0 falchion
 q - the +0 trident "Dileag" {heavy, rF+ rN+ rCorr Dex-5}
   (You took it off a goblin on level 4 of the Dungeon)

   Dex-5:     It affects your dexterity (-5).
   rF+:       It protects you from fire.
   rN+:       It protects you from negative energy.
   rCorr:     It protects you from acid and corrosion.
 t - a +2 short sword of venom
 z - a +1 morningstar of freezing
 H - the +6 falchion "Moeplil" {heavy, Str+2}
   (You took it off a gnoll sergeant on level 9 of the Dungeon)

   Str+2:     It affects your strength (+2).
 Q - a +0 demon whip of venom (weapon)
 W - the +4 long sword of Qupauf {venom, Contam rN++ Str+2}
   (You found it in an ice cave)

   Str+2:     It affects your strength (+2).
   rN++:      It greatly protects you from negative energy.
   Contam:    It causes magical contamination when unequipped.
 Y - the +5 great mace "Orb Guardian's Peril" {heavy, rPois Str-3 Int+3 SInv}
   (You found it in an ice cave)

   Str-3:     It affects your strength (-3).
   Int+3:     It affects your intelligence (+3).
   rPois:     It protects you from poison SInv: It lets you see invisible.
Missiles
 L - 7 throwing nets
Armour
 b - a +0 leather armour
 s - the +1 pair of gloves of Impatience (worn) {rPois rN+ Int+4}
   (You acquired it on level 2 of the Orcish Mines)

   Int+4:     It affects your intelligence (+4).
   rPois:     It protects you from poison rN+: It protects you from negative
   energy.
 F - a +0 cloak (worn)
 J - a +0 troll leather armour (worn)
 M - a +1 pair of gloves
 O - a +0 buckler
 V - a +2 tower shield of cold resistance
 X - a +1 kite shield of cold resistance (worn)
Jewellery
 j - a ring of protection from cold (left hand)
 D - a ring of ice
 K - the amulet "Tydwawn" (around neck) {Regen+ Slay+2}
   (You acquired it on level 2 of the Orcish Mines)

   [amulet of regeneration]

   Slay+2:    It affects your accuracy & damage with ranged weapons and melee
   (+2).
   Regen+:    It increases your rate of health regeneration.
Wands
 g - a wand of digging (3)
 k - a wand of roots (17)
 p - a wand of flame (96)
 v - a wand of quicksilver (2)
 C - a wand of paralysis (14)
 G - a wand of polymorph (9)
Scrolls
 c - 4 scrolls of fog
 d - 3 scrolls of brand weapon
 f - 3 scrolls of torment
 l - 6 scrolls of teleportation
 m - 8 scrolls of blinking {unknown}
 o - 3 scrolls of immolation
 r - 6 scrolls of enchant weapon {unknown}
 u - 3 scrolls of vulnerability
 x - 4 scrolls of poison
 y - 4 scrolls of revelation
 I - 3 scrolls of silence
 S - a scroll of enchant armour
Potions
 e - 2 potions of might
 h - 9 potions of curing
 i - 5 potions of enlightenment
 n - 2 potions of haste
 w - a potion of ambrosia
 A - 3 potions of invisibility
 B - 5 potions of mutation
 E - 4 potions of attraction
 R - a potion of resistance
 T - 2 potions of berserk rage
 U - 4 potions of brilliance


   Skills:
 + Level 18.7 Fighting
 - Level 1.7 Long Blades
 + Level 12.2 Dodging
 - Level 4.1 Stealth
 + Level 8.2 Shields
 + Level 13.9 Spellcasting
 + Level 13.9 Conjurations
 + Level 13.9 Hexes
 + Level 13.9 Summonings
 + Level 13.9 Necromancy
 + Level 13.9 Translocations
 + Level 13.9 Transmutations
 + Level 13.9 Fire Magic
 + Level 13.9 Ice Magic
 + Level 13.9 Air Magic
 + Level 13.9 Earth Magic
 + Level 13.9 Poison Magic


You knew the following spells:

 Your Spells              Type           Power      Damage    Failure   Level
a - Foxfire               Conj/Fire      100%       2x1d9     1%          1
b - Poisonous Vapours     Pois/Air       100%       N/A       1%          2
c - Confusing Touch       Hex            68%        N/A       1%          3
d - Petrify               Tmut/Erth      68%        N/A       1%          4
e - Summon Mana Viper     Hex/Summ       68%        N/A       1%          5
f - Arcjolt               Conj/Air       34%        1d44      1%          5
g - Plasma Beam           Fire/Air       34%        2x1d47    8%          6
h - Ozocubu's Refrigerat  Ice            34%        4d15      41%         7
Your spell library was empty.

Dungeon Overview and Level Annotations

Branches:
Dungeon (15/15)            Temple (1/1) D:4            Lair (5/5) D:9
 Shoals (0/4) Lair:2       Spider (1/4) Lair:3        Slime (0/5) Lair:4
    Orc (2/2) D:10            Elf (0/3) Orc:2        Vaults (0/5) D:14
 Depths (0/4) D:15        Ossuary (visited)           IceCv (visited)

Altars:
Ashenzari
Cheibriados
Dithmenos
Elyvilon
Fedhas
Gozag
Hepliaklqana
Makhleb
Nemelex Xobeh
Okawaru
Qazlal
Ru
Trog
Uskayaw
Wu Jian
Xom
Yredelemnul
Zin
The Shining One
Jiyva

Shops:
D:10 **   Orc:2 ([?(*

Annotations:
D:13 3 runed translucent doors, olddryhag's ghost, journeyman DsGl
D:14 1 runed translucent door, Kibis's ghost, journeyman DsGl
Lair:2 1 runed translucent door, Walel's ghost, journeyman TeAE
Lair:4 1 runed translucent door
Orc:2 2 transporters, rjrrt's ghost, journeyman HOBe


Innate Abilities, Weirdness & Mutations

Your life essence is reduced to manifest your ancestor. (-10% HP)
You are immune to sickness and miasma.
You are immune to poison.
Your flesh is very heat resistant. (rF++)
You are vulnerable to cold. (rC-)
You float through the air rather than walking.
You learn spells naturally, not from books.
Your magical power is your life essence.
You have superior vitality. (+4 MHP)


Message History

The tarantella touches you!
You are more confused.
The tarantella touches you.
Sextus hits the steelbarb worm with a +0 broad axe of flaming!
Sextus barely misses the tarantella.
Sextus barely misses something.
Sextus hits the demonic crawler with a +0 broad axe of flaming!
Sextus burns the demonic crawler.
Something closely misses Sextus.
The steelbarb worm hits your mana viper!
Your mana viper dies!
Your mana viper disappears in a puff of smoke!
A wolf spider comes into view.
You hit the tarantella.
The tarantella is poisoned.
The tarantella is lightly wounded.
The tarantella touches you!
You are more confused.
The tarantella touches you.
You are more confused.
Something bites Sextus but does no damage.
The demonic crawler hits you. The demonic crawler closely misses you.
The demonic crawler hits you!
* * * LOW HITPOINT WARNING * * *
A culicivora comes into view.
The tarantella completely misses you. The tarantella barely misses you.
Sextus hits the tarantella with a +0 broad axe of flaming!
Sextus burns the tarantella.
Sextus closely misses something.
Sextus hits the steelbarb worm with a +0 broad axe of flaming!
Sextus burns the steelbarb worm.
Sextus hits the wolf spider with a +0 broad axe of flaming!
Sextus burns the wolf spider.
Sextus blocks something's attack.
A redback comes into view.
The demonic crawler hits you!
* * * LOW HITPOINT WARNING * * *
The demonic crawler barely misses you. The demonic crawler hits you!
* * * LOW HITPOINT WARNING * * *
A redback comes into view.
You feel better. You block the tarantella's attack. The tarantella touches you!
* * * LOW HITPOINT WARNING * * *
You are confused.
The steelbarb worm misses you. The demonic crawler hits you.
You die...

#..#............
#....^.R.........
#...##.#....s....
#### #..#....#...
###..........
#........#...
#^..........#
##....s#.....
##..@ss.....
##.sws#..#..
##....s....#.
#....w#ss....
##...s^....^.
#....Rs..##.
###.....s.#
#.#.......
....:.....


You could see the friendly Sextus the knight, 2 steelbarb worms, 2 demonic
crawlers, a wolf spider, 2 culicivoras, a jumping spider, 4 tarantellas and 2
redbacks.

Vanquished Creatures
  The ghost of quakins the Grappler, a journeyman TrSh of Okawaru (D:9)
  2 vault guards (D:14)
  2 hydras
  2 catoblepae
  4 boulder beetles
  4 death yaks (Lair:5)
  A tengu warrior (D:13)
  An orc high priest (Orc:2)
  Sonja (D:10)
  A skyshark (Lair:5)
  3 orc knights
  A deep elf pyromancer (D:15)
  4 ugly things
  2 cyclopes
  2 orc sorcerers (Orc:2)
  6 elephants
  2 black mambas (Lair:5)
  A cane toad (Lair:4)
  2 kobold demonologists (D:12)
  A komodo dragon (Lair:4)
  A komodo dragon (shapeshifter) (D:14)
  An ice devil (IceCv)
  A polar bear (Lair:4)
  3 trolls
  2 dream sheep
  2 blink frogs
  3 jumping spiders
  Sigmund (D:5)
  A wyvern (Lair:4)
  Eustachio (D:4)
  A human (D:14)
  13 yaks
  A wraith (D:12)
  2 redbacks (Spider:1)
  Grum (D:10)
  Menkaure (D:5)
  5 water moccasins
  5 orc warriors
  A black bear (D:4)
  An ice beast (D:5)
  6 wolves
  3 ogres
  5 centaurs
  8 kobold brigands
  8 bullfrogs
  2 gnoll sergeants
  A scorpion (D:7)
  A wight (D:6)
  3 killer bees
  An elephant simulacrum (IceCv)
  An electric eel (D:9)
  A howler monkey (D:9)
  A centaur zombie (Ossuary)
  2 jellies
  4 hounds
  6 orc priests
  3 iguanas
  12 orc wizards
  2 nameless horrors
  4 mummies (Ossuary)
  2 gnolls
  10 adders
  A naga simulacrum (IceCv)
  4 white imps
  3 ufetubi
  A worm (D:2)
  A worm (shapeshifter) (D:14)
  2 dart slugs
  32 orcs
  8 ball pythons
  An endoplasm (D:4)
  2 giant cockroaches
  4 hobgoblins
  A jackal (D:1)
  3 quokkas
  3 bats
  A frilled lizard (D:3)
  10 goblins
  2 hobgoblin zombies (Ossuary)
  24 kobolds
  3 rats
282 creatures vanquished.

Vanquished Creatures (collateral kills)
  Rupert (Lair:3)
  Kirke (D:13)
  A broodmother (Lair:3)
  A reaper (IceCv)
  Josephine (D:12)
  5 hydras
  Erolcha (D:9)
  Harold (Orc:1)
  5 two-headed ogres
  5 centaur warriors
  A catoblepas (Lair:5)
  A tengu warrior (D:13)
  A demonic crawler (Lair:3)
  2 orc high priests
  5 death yaks (Lair:5)
  Nergalle (Lair:2)
  Amaemon (Lair:2)
  A pharaoh ant (Lair:3)
  2 skysharks
  A wizard (D:15)
  A lindwurm (Lair:5)
  A necromancer (D:15)
  2 orc knights
  4 orc sorcerers
  A wolf spider zombie (D:15)
  A wolf spider (Lair:3)
  2 deep elf pyromancers
  A deep elf zephyrmancer (D:9)
  15 ugly things
  6 cyclopes
  A cyclops (shapeshifter) (D:9)
  2 manticores (Lair:5)
  7 black mambas
  10 elephants
  A naga mage (D:15)
  A gargoyle (D:11)
  An ice statue (IceCv)
  An orange demon (Lair:2)
  2 torpor snails (Lair:5)
  9 cane toads
  An efreet (D:13)
  2 unseen horrors
  4 kobold demonologists
  2 rime drakes
  8 komodo dragons
  A freezing wraith (IceCv)
  The ghost of Aneyh the Spear-Bearer, a novice TeMo (D:3)
  A tengu conjurer (D:13)
  An ice devil (IceCv)
  6 trolls
  A hornet (D:9)
  3 tarantellas
  2 polar bears
  3 blink frogs (Lair:4)
  8 dream sheep
  2 shadows
  4 jumping spiders
  2 centaur simulacra
  A dire elephant simulacrum (IceCv)
  2 culicivoras (Spider:1)
  5 wraiths
  9 slime creatures
  2 hogs (D:13)
  7 humans (D:14)
  30 yaks
  8 wyverns
  A steam dragon (D:9)
  4 redbacks
  3 death yak simulacra (IceCv)
  12 vampire mosquitoes
  A warg (Orc:1)
  2 harpy simulacra (IceCv)
  An acid dragon (D:11)
  8 water moccasins
  18 orc warriors
  2 ice beasts
  6 ogres
  A sky beast (D:8)
  15 wolves
  11 centaurs
  A nameless horror (Lair:4)
  13 kobold brigands
  3 bullfrogs
  2 two-headed ogre simulacra (IceCv)
  A scorpion (D:5)
  A cane toad simulacrum (IceCv)
  5 wights
  2 killer bees (D:8)
  6 howler monkeys
  4 centaur zombies
  12 orc priests
  A gnoll bouda (D:7)
  4 hounds
  A jelly (D:7)
  Crazy Yiuf (D:7)
  2 sleepcaps
  An iguana (D:6)
  13 orc wizards
  5 troll simulacra (IceCv)
  2 polar bear simulacra (IceCv)
  4 spriggan simulacra (IceCv)
  A boggart skeleton (D:15)
  2 wolf simulacra (IceCv)
  A boggart simulacrum (D:15)
  A mummy (Ossuary)
  6 gnolls
  An adder (D:5)
  2 river rats (D:3)
  8 naga simulacra (IceCv)
  18 white imps
  3 ufetubi (IceCv)
  A dart slug (D:1)
  37 orcs
  2 jackals (D:1)
  A quokka (D:3)
  A frilled lizard (D:1)
  20 kobolds
  3 foxfires
500 creatures vanquished.

Vanquished Creatures (others)
  A slime creature (D:13)
  5 humans
  A yak (D:9)
  25 knights
  5 ancestors
  An orc (D:9)
  894 foxfires
932 creatures vanquished.

Grand Total: 1714 creatures vanquished

Notes
Turn   | Place    | Note
-------+----------+-------------------------------------------
     0 | D:5      | cforsyth the Djinni Delver began the quest for the Orb.
     0 | D:5      | Reached XP level 1. HP: 20/20 MP: 0/0
    42 | D:5      | Noticed Menkaure
    46 | D:5      | HP: 1/20 [Menkaure/nerve-wracking pain (5)]
    82 | D:4      | HP: 1/20 [adder (1)]
    84 | D:4      | Reached XP level 2. HP: 2/25 MP: 0/0
   186 | D:4      | Noticed Eustachio
   229 | D:3      | Reached skill level 1 in Spellcasting
   229 | D:3      | Reached skill level 1 in Conjurations
   229 | D:3      | Reached skill level 1 in Hexes
   229 | D:3      | Reached skill level 1 in Summonings
   229 | D:3      | Reached skill level 1 in Necromancy
   229 | D:3      | Reached skill level 1 in Translocations
   229 | D:3      | Reached skill level 1 in Transmutations
   229 | D:3      | Reached skill level 1 in Fire Magic
   229 | D:3      | Reached skill level 1 in Ice Magic
   229 | D:3      | Reached skill level 1 in Air Magic
   229 | D:3      | Reached skill level 1 in Earth Magic
   229 | D:3      | Reached skill level 1 in Poison Magic
   242 | D:3      | HP: 1/25 [adder (1)]
   245 | D:3      | Reached XP level 3. HP: 3/30 MP: 0/0
   245 | D:3      | Learned a level 1 spell: Foxfire
   682 | D:3      | Found a runed translucent door.
   831 | D:3      | Found a runed translucent door.
   835 | D:3      | Noticed a bullfrog
   846 | D:3      | Noticed Aneyh's ghost (novice TeMo)
  1043 | D:4      | Noticed an ogre
  1053 | D:4      | Killed an ogre
  1054 | D:4      | Reached skill level 4 in Fighting
  1054 | D:4      | Reached XP level 4. HP: 29/38 MP: 0/0
  1054 | D:4      | Reached XP level 5. HP: 32/42 MP: 0/0
  1054 | D:4      | Learned a level 2 spell: Poisonous Vapours
  1348 | D:4      | Found a staircase to the Ecumenical Temple.
  1368 | Temple   | Entered the Ecumenical Temple
  1379 | Temple   | Became a worshipper of Hepliaklqana the Forgotten
  1405 | D:4      | HP: 2/42 [iguana (12)]
  2420 | D:2      | Reached * piety under Hepliaklqana
  2520 | D:1      | Reached XP level 6. HP: 43/44 MP: 0/0
  2974 | D:1      | Found a faded altar of an unknown god.
  3509 | D:4      | Killed Eustachio
  3510 | D:4      | Reached skill level 5 in Fighting
  3647 | D:4      | Identified the +0 trident "Dileag" {heavy, rF+ rN+ rCorr
                  | Dex-5}
  3684 | D:4      | Noticed a black bear
  3705 | D:4      | Killed a black bear
  3706 | D:4      | Reached XP level 7. HP: 37/49 MP: 0/0
  3706 | D:4      | Learned a level 3 spell: Confusing Touch
  4173 | D:4      | Reached skill level 6 in Fighting
  4521 | D:5      | Killed Menkaure
  4522 | D:5      | Reached XP level 8. HP: 52/55 MP: 0/0
  4645 | D:5      | Noticed Sigmund
  4902 | D:5      | Reached skill level 7 in Fighting
  4989 | D:5      | Reached ** piety under Hepliaklqana
  4990 | D:5      | Remembered your ancestor Sextus as a knight
  5211 | D:6      | Reached skill level 5 in Spellcasting
  5211 | D:6      | Reached skill level 5 in Conjurations
  5211 | D:6      | Reached skill level 5 in Hexes
  5211 | D:6      | Reached skill level 5 in Summonings
  5211 | D:6      | Reached skill level 5 in Necromancy
  5211 | D:6      | Reached skill level 5 in Translocations
  5211 | D:6      | Reached skill level 5 in Transmutations
  5211 | D:6      | Reached skill level 5 in Fire Magic
  5211 | D:6      | Reached skill level 5 in Ice Magic
  5211 | D:6      | Reached skill level 5 in Air Magic
  5211 | D:6      | Reached skill level 5 in Earth Magic
  5211 | D:6      | Reached skill level 5 in Poison Magic
  5811 | D:5      | Killed Sigmund
  5812 | D:5      | Reached skill level 8 in Fighting
  5812 | D:5      | Reached XP level 9. HP: 50/63 MP: 0/0
  5812 | D:5      | Learned a level 4 spell: Petrify
  6216 | D:6      | Reached skill level 9 in Fighting
  6500 | D:7      | Found a sand-covered staircase.
  6507 | Ossuary  | Entered an ossuary
  7734 | D:7      | Found a runed translucent door.
  7735 | D:7      | Noticed Crazy Yiuf
  7773 | D:7      | Killed Crazy Yiuf
  7834 | D:8      | Reached *** piety under Hepliaklqana
  7910 | D:8      | Reached XP level 10. HP: 64/71 MP: 0/0
  8159 | D:8      | Reached skill level 10 in Fighting
  8209 | D:8      | Found an iron altar of Okawaru.
  8387 | D:8      | Noticed a kobold demonologist
  8388 | D:8      | Noticed a soul eater
  8487 | D:8      | Noticed a rust devil
  8492 | D:8      | Killed a kobold demonologist
  8830 | D:8      | Reached skill level 11 in Fighting
  9137 | D:9      | Reached XP level 11. HP: 25/78 MP: 0/0
  9137 | D:9      | Learned a level 5 spell: Summon Mana Viper
  9340 | D:9      | Found a runed translucent door.
  9340 | D:9      | Noticed a deep elf zephyrmancer
  9340 | D:9      | Noticed quakins's ghost (journeyman TrSh)
  9511 | D:9      | Identified the +6 falchion "Moeplil" {heavy, Str+2}
  9536 | D:9      | Reached skill level 12 in Fighting
  9549 | D:9      | Noticed a cyclops
  9571 | D:9      | Killed a cyclops
  9638 | D:9      | Noticed a cyclops
  9650 | D:9      | Killed a cyclops
  9716 | D:9      | Noticed a two-headed ogre
  9726 | D:9      | Killed a two-headed ogre
  9746 | D:9      | Noticed a salamander
  9764 | D:9      | a salamander changed into a mana viper
  9764 | D:9      | Noticed a mana viper (shapeshifter)
  9767 | D:9      | a mana viper changed into a swamp worm
  9772 | D:9      | a swamp worm changed into a cyclops
  9772 | D:9      | Noticed a cyclops (shapeshifter)
  9772 | D:9      | Killed a cyclops
 10095 | D:9      | Found a staircase to the Lair.
 10133 | D:9      | Noticed a deep elf pyromancer
 10154 | D:9      | Killed a deep elf pyromancer
 10155 | D:9      | Reached skill level 13 in Fighting
 10272 | D:9      | Noticed Erolcha
 10305 | D:9      | Killed Erolcha
 10306 | D:9      | Reached XP level 12. HP: 79/88 MP: 0/0
 10586 | D:10     | Entered Level 10 of the Dungeon
 10590 | D:10     | Found Karphyts's Gadget Gallery.
 10735 | D:10     | Noticed Grum
 10752 | D:10     | Killed Grum
 10851 | D:10     | Noticed Sonja
 10859 | D:10     | Killed Sonja
 10860 | D:10     | Reached skill level 10 in Spellcasting
 10860 | D:10     | Reached skill level 10 in Conjurations
 10860 | D:10     | Reached skill level 10 in Hexes
 10860 | D:10     | Reached skill level 10 in Summonings
 10860 | D:10     | Reached skill level 10 in Necromancy
 10860 | D:10     | Reached skill level 10 in Translocations
 10860 | D:10     | Reached skill level 10 in Transmutations
 10860 | D:10     | Reached skill level 10 in Fire Magic
 10860 | D:10     | Reached skill level 10 in Ice Magic
 10860 | D:10     | Reached skill level 10 in Air Magic
 10860 | D:10     | Reached skill level 10 in Earth Magic
 10860 | D:10     | Reached skill level 10 in Poison Magic
 10930 | D:10     | Found Miupof's Assorted Antiques.
 10939 | D:10     | Bought a fizzy golden potion for 18 gold pieces
 10939 | D:10     | Bought 2 golden potions for 36 gold pieces
 10939 | D:10     | Bought a scroll labelled XAIRRI UMAXU for 20 gold pieces
 10999 | D:10     | Found a broken altar of Ashenzari.
 11072 | D:10     | Found a staircase to the Orcish Mines.
 11525 | D:10     | Reached skill level 14 in Fighting
 11598 | D:10     | Noticed a two-headed ogre
 11605 | D:10     | Killed a two-headed ogre
 11687 | D:11     | Noticed a two-headed ogre
 11696 | D:11     | Killed a two-headed ogre
 12240 | D:12     | Reached **** piety under Hepliaklqana
 12318 | D:12     | Noticed Josephine
 12329 | D:12     | Killed Josephine
 12434 | D:12     | Reached XP level 13. HP: 90/95 MP: 0/0
 12434 | D:12     | Learned a level 5 spell: Arcjolt
 12884 | D:12     | Reached skill level 15 in Fighting
 13511 | Lair:1   | Entered Level 1 of the Lair of Beasts
 14338 | D:3      | Killed Aneyh's ghost
 14585 | D:9      | Killed quakins's ghost
 14586 | D:9      | Reached skill level 1 in Shields
 14708 | Lair:2   | Noticed Nergalle
 14719 | Lair:2   | Killed Nergalle
 14760 | Lair:2   | Found a runed translucent door.
 14778 | Lair:2   | Noticed Walel's ghost (journeyman TeAE)
 15099 | Lair:2   | Noticed Amaemon
 15108 | Lair:2   | Killed Amaemon
 15147 | Lair:2   | Noticed a five-headed hydra
 15160 | Lair:2   | Killed a five-headed hydra
 15628 | Lair:2   | Found a staircase to the Shoals.
 15628 | Lair:2   | Reached ***** piety under Hepliaklqana
 16081 | Lair:3   | Noticed a seven-headed hydra
 16095 | Lair:3   | Killed a seven-headed hydra
 16096 | Lair:3   | Reached skill level 16 in Fighting
 16157 | Lair:3   | Reached XP level 14. HP: 104/104 MP: 0/0
 16166 | Lair:3   | Noticed Rupert
 16197 | Lair:3   | Killed Rupert
 16313 | Lair:3   | Found a hole to the Spider Nest.
 16479 | Lair:3   | Reached skill level 5 in Dodging
 17932 | Lair:4   | Reached skill level 5 in Shields
 18550 | Lair:4   | Found a runed translucent door.
 18551 | Lair:4   | Found a viscous altar of Jiyva.
 18552 | Lair:4   | Noticed an azure jelly
 18553 | Lair:4   | Found a staircase to the Slime Pits.
 18877 | Lair:5   | Entered Level 5 of the Lair of Beasts
 19153 | Lair:5   | Reached XP level 15. HP: 52/110 MP: 0/0
 19153 | Lair:5   | Learned a level 6 spell: Plasma Beam
 19155 | Lair:5   | Found a frozen archway.
 19164 | IceCv    | Entered an ice cave
 19481 | IceCv    | Reached skill level 17 in Fighting
 19745 | IceCv    | Identified the +5 great mace "Orb Guardian's Peril" {heavy,
                  | rPois Str-3 Int+3 SInv}
 19986 | IceCv    | Noticed a reaper
 20210 | IceCv    | Killed a reaper
 20427 | IceCv    | Identified the +4 long sword of Qupauf {venom, Contam rN++
                  | Str+2}
 21855 | Lair:5   | Identified the +1 dagger "Newtslayer" {heavy, rF++ Dex-2}
 22065 | Orc:1    | Entered Level 1 of the Orcish Mines
 22078 | Orc:1    | Reached skill level 10 in Dodging
 22265 | Orc:2    | Entered Level 2 of the Orcish Mines
 22301 | Orc:2    | Found Uhed's Assorted Antiques.
 22307 | Orc:2    | Bought a glowing green potion for 26 gold pieces
 22308 | Orc:2    | Bought a scroll of identify for 58 gold pieces
 22308 | Orc:2    | Bought a scroll of identify for 58 gold pieces
 22308 | Orc:2    | Bought a scroll of identify for 58 gold pieces
 22308 | Orc:2    | Bought a scroll of identify for 58 gold pieces
 22312 | Orc:2    | Identified 2 scrolls of acquirement
 22314 | Orc:2    | Acquired the amulet "Tydwawn" {Regen+ Slay+2}
 22321 | Orc:2    | Acquired the +1 pair of gloves of Impatience {rPois rN+
                  | Int+4}
 22381 | Orc:2    | Found a transporter.
 22459 | Orc:2    | Found a transporter.
 22579 | Orc:2    | Noticed rjrrt's ghost (journeyman HOBe)
 22580 | Orc:2    | Found a bloodstained altar of Trog.
 22601 | Orc:2    | Reached ****** piety under Hepliaklqana
 23815 | Orc:2    | Found a staircase to the Elven Halls.
 24360 | Orc:1    | Noticed Harold
 24368 | Orc:1    | Killed Harold
 24553 | Orc:2    | Reached XP level 16. HP: 110/118 MP: 0/0
 24607 | Orc:2    | Found Fiugof's Magic Scroll Boutique.
 24612 | Orc:2    | Found Fiontat's Antique Weapon Emporium.
 24635 | Orc:2    | Found Dakeqiabb's Armour Emporium.
 24637 | Orc:2    | Found Yxatu's Antique Weapon Boutique.
 24658 | Orc:2    | Bought a +1 pair of gloves for 161 gold pieces
 25005 | D:13     | Reached skill level 18 in Fighting
 25022 | D:13     | Found a runed translucent gate.
 25022 | D:13     | Found a runed translucent gate.
 25022 | D:13     | Found a runed translucent gate.
 25039 | D:13     | Noticed olddryhag's ghost (journeyman DsGl)
 25443 | D:13     | Noticed Kirke
 25459 | D:13     | Killed Kirke
 26019 | D:14     | Found a runed translucent door.
 26022 | D:14     | Noticed Kibis's ghost (journeyman DsGl)
 26080 | D:14     | Found a gate leading to a gauntlet.
 26485 | D:14     | Found a gate to the Vaults.
 26639 | D:15     | Entered Level 15 of the Dungeon
 27567 | D:15     | Found a staircase to the Depths.
 27737 | D:15     | Found a glowing golden altar of the Shining One.
 28336 | Spider:1 | Entered Level 1 of the Spider Nest
 28487 | Lair:3   | Reached XP level 17. HP: 33/123 MP: 0/0
 28487 | Lair:3   | Learned a level 7 spell: Ozocubu's Refrigeration
 28976 | Spider:1 | HP: 6/125 [demonic crawler (14)]
 28977 | Spider:1 | HP: 2/125 [tarantella (13)]
 28977 | Spider:1 | Slain by a demonic crawler

Illustrated notes

Levels and vault maps discovered:
D:1:      dpeg_arrival_tiny_h, layout_rooms, hellmonk_ecumenical_altar_zigzags,
          serial_co_window_serial, co_window_cross_1, co_window_cross_1,
          co_window_paths_b, co_window_cross_1, co_window_corner_a,
          co_window_broadway_c, co_window_corner_ca, co_window_corner_ca,
          co_window_unsneaky_path_a, co_window_2corner, glass_columns_c,
          glass_columns_c, glass_columns_a
D:2:      layout_basic
D:3:      layout_rooms, ebering_ghost_sewer_f
D:4:      layout_loops_corners, minmay_temple_entry_nine_rooms, uniq_eustachio
D:5:      layout_rooms, serial_glass, glass_columns_a, glass_columns_c,
          uniq_menkaure, uniq_sigmund
D:6:      layout_loops_ring, kiku_gazebo_pond_becter
D:7:      layout_basic, nicolae_ossuary_entry_monument, uniq_crazy_yiuf_cottage
D:8:      layout_loops_ring, mainiacjoe_overflow_alcove_1, special_room
          [special_room_kobold]
D:9:      layout_irregular_city, erik_lair_island, ebering_ghost_inner_flame,
          minmay_shattered_shrine, uniq_erolcha
D:10:     layout_cave_pools, kennysheep_mini, erik_orc_3, serial_shops,
          nicolae_diamond_shop, nicolae_shop_gadgets, uniq_grum, uniq_sonja
D:11:     layout_roguey
D:12:     layout_basic, uniq_josephine
D:13:     layout_roguey, maelrawn_ghost_gauntlet_escape, uniq_kirke
D:14:     layout_rooms, ximxim_vaults_locker_room,
          hellmonk_ghost_happy_afterlife, gauntlet_entry_generic,
          amethyst_killhole, hangedman_abyss_or_decor_clamps
D:15:     grunt_enter_depths_magical_seal, layout_basic,
          nicolae_tso_swordbearing_angel, serial_co_window_serial,
          co_window_paths_b, co_window_paths_a, co_window_paths_a,
          co_window_paths_a, co_window_paths_b, co_window_corner_a,
          co_window_corner_a, co_window_broadway_c, co_window_unsneaky_path_c,
          co_window_broadway_c, co_window_corner_b, co_window_corner_cb,
          glass_columns_a, glass_columns_c, glass_columns_c, glass_columns_b,
          glass_columns_c
Temple:   hellmonk_temple_of_storms
Lair:1:   layout_hall_layers
Lair:2:   layout_layer_cave, elwin_shoals_entry_rocks,
          ebering_ghost_reflecting_pool, uniq_amaemon, uniq_nergalle
Lair:3:   layout_small_grid, nicolae_spider_entry_lesser_pyramids,
          grunt_megastairs_5, uniq_rupert
Lair:4:   layout_regular_city, slime_entry_2, infiniplex_staircase_pool_2,
          grunt_megastairs_2, lemuel_fruit_tree
Lair:5:   hangedman_lair_in_review, layout_loops_ring,
          portal_ice_cave_entry_imps
Spider:1: cheibrodos_spider_deadly_dance, hangedman_spider_tarantella_strand
Orc:1:    layout_caves, minmay_orc_temple_b, uniq_harold
Orc:2:    st_orc_elflike, layout_caves, gammafunk_ghost_wrathful_warriors,
          basic_altar, serial_shops, nicolae_shop_pleasant_corner_grove

Skill      XL: |  1  2  3  4  5  6  7  8  9 10 11 12 13 14 15 16 |
---------------+-------------------------------------------------+-----
Spellcasting   | 1 2 3 4 5 6 8 9 10 12 13 | 13.9
Conjurations   | 1 2 3 4 5 6 8 9 10 12 13 | 13.9
Hexes          | 1 2 3 4 5 6 8 9 10 12 13 | 13.9
Summonings     | 1 2 3 4 5 6 8 9 10 12 13 | 13.9
Necromancy     | 1 2 3 4 5 6 8 9 10 12 13 | 13.9
Translocations | 1 2 3 4 5 6 8 9 10 12 13 | 13.9
Transmutations | 1 2 3 4 5 6 8 9 10 12 13 | 13.9
Fire Magic     | 1 2 3 4 5 6 8 9 10 12 13 | 13.9
Ice Magic      | 1 2 3 4 5 6 8 9 10 12 13 | 13.9
Air Magic      | 1 2 3 4 5 6 8 9 10 12 13 | 13.9
Earth Magic    | 1 2 3 4 5 6 8 9 10 12 13 | 13.9
Poison Magic   | 1 2 3 4 5 6 8 9 10 12 13 | 13.9
Fighting       | 4 5 6 8 9 11 13 14 16 17 18 | 18.7
Shields        | 3 5 8 |  8.2
Dodging        | 4 7 10 12 | 12.2
Long Blades    | |  1.7
Stealth        | |  4.1

Action                     |  1- 3 |  4- 6 |  7- 9 | 10-12 | 13-15 | 16-18 || total
---------------------------+-------+-------+-------+-------+-------+-------++-------
  Melee: Falchion          |    66 |    72 |    63 |    46 |    48 |       ||   295
         Punch             |       |     1 |       |       |       |       ||     1
         Short sword       |       |       |    30 |    15 |       |       ||    45
         Demon whip        |       |       |       |       |   212 |    41 ||   253
   Cast: Foxfire           |    13 |    56 |   132 |    93 |   207 |    20 ||   521
         Poisonous Vapours |       |    15 |    60 |   127 |   175 |   101 ||   478
         Summon Mana Viper |       |       |       |    46 |   147 |    60 ||   253
         Petrify           |       |       |       |     1 |       |       ||     1
         Arcjolt           |       |       |       |       |     9 |       ||     9
         Plasma Beam       |       |       |       |       |     4 |    12 ||    16
 Invoke: Recall Ancestor   |       |       |     2 |     4 |     7 |     1 ||    14
         Ancestor Life: Kn |       |       |     1 |       |       |       ||     1
  Evoke: Wand              |       |       |       |     1 |     7 |       ||     8
    Use: Potion            |     1 |       |       |     1 |     7 |     1 ||    10
         Scroll            |       |     1 |    10 |     3 |    25 |     5 ||    44
   Stab: Sleeping          |     3 |     7 |     3 |       |     4 |     1 ||    18
         Distracted        |       |       |     1 |       |     6 |       ||     7
         Petrified         |       |       |       |     1 |       |       ||     1
 Armour: Leather armour    |    55 |    49 |    73 |    28 |       |       ||   205
         Troll leather arm |       |       |       |    63 |   346 |   138 ||   547
  Dodge: Dodged            |    53 |    63 |    67 |    81 |   325 |    92 ||   681
  Block: Buckler           |       |       |       |       |    69 |       ||    69
         Kite shield       |       |       |       |       |    70 |    98 ||   168

Table legend: (Time is in decaauts)
 A = Elapsed time spent in this place.
 B = Non-inter-level travel time spent in this place.
 C = Inter-level travel time spent in this place.
 D = Time resting spent in this place.
 E = Time spent auto-exploring this place.
 F = Levels seen in this place.
 G = Mean time per level.
                   A        B        C        D        E       F      G
               +--------+--------+--------+--------+--------+-----+--------+
         Total |  29204 |  27595 |   1609 |   4498 |  16516 |  26 | 1123.2 |
       Dungeon |  17438 |  16323 |   1115 |   1998 |  10631 |  15 | 1162.5 |
        Temple |     22 |     11 |     11 |      0 |      0 |   1 |   22.0 |
          Lair |   7095 |   6702 |    393 |   1051 |   4041 |   5 | 1419.0 |
   Spider Nest |     96 |     96 |      0 |      0 |     23 |   1 |   96.0 |
  Orcish Mines |   2754 |   2665 |     89 |   1120 |   1001 |   2 | 1377.0 |
       Ossuary |    239 |    239 |      0 |      0 |    154 |   1 |  239.0 |
      Ice Cave |   1557 |   1557 |      0 |    329 |    666 |   1 | 1557.0 |
               +--------+--------+--------+--------+--------+-----+--------+

Top non-repeatable levels by time:
  Lair:3: 2372 daAuts
     D:4: 2165 daAuts
     D:9: 1933 daAuts
   Orc:1: 1693 daAuts
   IceCv: 1557 daAuts
  Lair:5: 1532 daAuts
  Lair:2: 1373 daAuts
    D:15: 1293 daAuts
     D:8: 1231 daAuts
    D:10: 1171 daAuts
     D:7: 1159 daAuts
  Lair:4: 1151 daAuts
    D:12: 1149 daAuts
     D:6: 1094 daAuts
   Orc:2: 1061 daAuts
